 Dungeon Sprint DCSS version 0.22.0-38-g04b72b8 (webtiles) character file.

445 iamserjio the Carver (level 6, 4/42 HPs)
             Began as a Deep Elf Berserker on Aug 25, 2018.
             Was a Believer of Trog.
             Quit the game in the Dungeon (Sprint I: "Red Sonja").
             The game lasted 00:03:55 (667 turns).

iamserjio the Carver (Deep Elf Berserker)            Turns: 667, Time: 00:03:55

Health: 4/42       AC:  6    Str: 16    XL:     6   Next: 72%
Magic:  8/8        EV:  9    Int: 12    God:    Trog [**....]
Gold:   297        SH:  0    Dex: 14    Spells: 5/5 levels left

rFire    . . .     SeeInvis .   a - +0 falchion
rCold    . . .     Gourm    .   (no shield)
rNeg     . . .     Faith    .   k - +0 scale mail
rPois    .         Spirit   .   (no helmet)
rElec    .         Reflect  .   (no cloak)
rCorr    .         Harm     .   (no gloves)
MR       .....     NoTele   +   (no boots)
Stlth    ..........             (no amulet)
HPRegen  0.14/turn              (no ring)
MPRegen  0.11/turn              (no ring)

@: lethally poisoned (4 -> -4), berserk cooldown, hasted and slowed, extremely
drained
A: no striking features
a: Berserk, Trog's Hand, Renounce Religion


You were in the Dungeon.
You worshipped Trog.
Trog was pleased with you.
You were very hungry.

You visited 1 branch You collected 297 gold pieces.

Inventory:

Hand Weapons
 a - a +0 falchion (weapon)
Armour
 b - a +0 animal skin
 k - a +0 scale mail (worn)
Scrolls
 i - a scroll of blinking
 j - a scroll of remove curse {unknown}
Potions
 g - 2 potions of magic
 h - a potion of berserk rage
Comestibles
 c - a ration
 l - 3 chunks of flesh


   Skills:
 - Level 6.5(0.0) Fighting
 * Level 9.8(0.0) Long Blades
 - Level 1.5(0.0) Armour
 + Level 9.0(0.0) Dodging


You had 5 spell levels left.
You didn't know any spells.
Your spell library was empty.

Dungeon Overview and Level Annotations

Branches:
Dungeon (1/1)

Altars:
Cheibriados
Dithmenos
Elyvilon
Fedhas
Gozag
Hepliaklqana
Kikubaaqudgha
Nemelex Xobeh
Okawaru
Qazlal
Ru
Sif Muna
Trog
Uskayaw
Vehumet
Wu Jian
Yredelemnul
Zin
The Shining One

Shops:
D %

Annotations:
D Sonja


Message History

Sonja barely misses you. Sonja hits you but does no damage.
You feel drained.
Sonja hits you with an uncursed dagger of draining.
* * * LOW HITPOINT WARNING * * *
You feel drained.
* * * LOW HITPOINT WARNING * * *
Sonja hits you but does no damage.
You feel drained. Sonja hits you but does no damage.
You feel drained.
You closely miss Sonja.
Sonja is moderately wounded.
Your skin stops crawling.
You feel less resistant to hostile enchantments.
* * * LOW HITPOINT WARNING * * *
You feel sick. Sonja hits you but does no damage.
You feel drained. Sonja hits you but does no damage.
You feel drained. Sonja hits you but does no damage.
You feel drained. Sonja hits you but does no damage.
You feel drained.
Sonja hits you with an uncursed dagger of draining.
* * * LOW HITPOINT WARNING * * *
You feel drained. Sonja hits you but does no damage.
You feel drained.
Are you sure you want to abandon this character and quit the game? (Confirm with "yes".)

################
#<.#..)..#..'.K#
#..'..#..').#..+
#..#####'#####'#
#..####..#..(#(#
#..#__####@(##.#
#..#_____##K#_§+
#⌠⌠#_.∩...÷..(_#
####_..__##_(#+#
#_____###'#
####### #.# $.$
$.$ ##.##


You could see Sonja.

Vanquished Creatures
  A yak (D)
  Sigmund (D)
  An ogre (D)
  A jelly (D)
  Ijyb (D)
5 creatures vanquished.

Notes
Turn   | Place    | Note
-------+----------+-------------------------------------------
     0 | D        | iamserjio the Deep Elf Berserker began the quest for the Orb.
     0 | D        | Reached XP level 1. HP: 13/13 MP: 3/3
     2 | D        | Noticed Ijyb
     9 | D        | Killed Ijyb
     9 | D        | Reached XP level 2. HP: 19/19 MP: 4/4
    45 | D        | Noticed an ogre
    50 | D        | Killed an ogre
    50 | D        | Reached skill level 5 in Dodging
    50 | D        | Reached XP level 3. HP: 15/24 MP: 5/5
    50 | D        | Reached XP level 4. HP: 18/30 MP: 6/6
   217 | D        | Noticed Sigmund
   223 | D        | Killed Sigmund
   223 | D        | Reached ** piety under Trog
   223 | D        | Reached skill level 5 in Fighting
   223 | D        | Reached XP level 5. HP: 36/36 MP: 7/7
   266 | D        | Found a deep blue altar of Sif Muna.
   267 | D        | Found an ornate altar of the Wu Jian Council.
   268 | D        | Found a radiant altar of Vehumet.
   273 | D        | Reached XP level 6. HP: 19/41 MP: 8/8
   499 | D        | Found Umauf's Food Emporium.
   499 | D        | Found an ancient bone altar of Kikubaaqudgha.
   499 | D        | Found a hazy altar of Hepliaklqana.
   499 | D        | Found a hide-covered altar of Uskayaw.
   499 | D        | Found a basalt altar of Yredelemnul.
   499 | D        | Found an opulent altar of Gozag.
   499 | D        | Found a snail-covered altar of Cheibriados.
   499 | D        | Found a sacrificial altar of Ru.
   499 | D        | Found a shadowy altar of Dithmenos.
   499 | D        | Noticed a yak
   509 | D        | Killed a yak
   510 | D        | Found a stormy altar of Qazlal.
   510 | D        | Found a blossoming altar of Fedhas.
   510 | D        | Found a bloodstained altar of Trog.
   510 | D        | Found an iron altar of Okawaru.
   510 | D        | Found a glowing golden altar of the Shining One.
   510 | D        | Found a glowing silver altar of Zin.
   510 | D        | Found a white marble altar of Elyvilon.
   514 | D        | Found a sparkling altar of Nemelex Xobeh.
   616 | D        | Noticed Sonja
   667 | D        | Quit the game

Skill      XL: |  1  2  3  4  5  6 |
---------------+-------------------+-----
Fighting       | 3 4 5 6 |  6.5
Long Blades    | 4 6 8 9 |  9.8
Dodging        | 4 5 7 8 9 |  9.0
Armour         | |  1.5

Action                   |  1- 3 |  4- 6 || total
-------------------------+-------+-------++-------
Melee: Falchion          |    10 |    35 ||    45
Invok: Berserk           |     2 |     3 ||     5
       Trog's Hand       |       |     4 ||     4
  Use: Potion            |       |     3 ||     3
  Eat: Chunk             |       |     4 ||     4
Armor: Animal skin       |     1 |       ||     1
       Scale mail        |       |    46 ||    46
Dodge: Dodged            |     3 |    35 ||    38
       Rpst.: Falchion   |     1 |     3 ||     4
